AoeStats
← Ragnar

African Clearing

510322647Analyzed
4v4 RM · 3d ago on Sep 30, 2026· 21m 54s· 8 players
Game mode
Random Map
Map size
Large (8 player)
Population
200
Speed
Normal
Resources
Standard
Victory
Conquest
Starting age
Dark Age
Ending age
Imperial Age
RankedLock teamsTeams togetherTeam positionsShared explorationLock speedFull tech treeHidden civsTurbo modeCheats
Victory
Defeat
🇻🇳 Saracens · Vietnam
1210
+14
🇭🇰 Persians · Hong Kong SAR China
1193
+15
🇨🇳 Franks · China
1148
+17
🇨🇳 Varangians · China
1119
+18
🇵🇱 Burgundians · Poland
1174
-16
🇷🇪 Persians · Réunion
1171
-16
🇨🇳 Gurjaras · China
1170
-16
🇵🇱 Shu · Poland
1164
-16
laofengzi
13:24 Feudal Age
16:32 Loom
19:04 Forging
19:07 Bloodlines
20:00 Scale Barding Armor
jkeR.!
14:00 Feudal Age
20:24 Castle Age
18:15 Loom
20:32 Castle Age
18:38 Horse Collar
20:17 Double-Bit Axe
21:15 Heavy Plow
20:56 Cavalier
21:38 Husbandry
Player
15:00 Feudal Age
16:01 Double-Bit Axe
17:30 Loom
20:46 Castle Age
raphael-974-
3:57 Loom
13:49 Feudal Age
14:12 Double-Bit Axe
14:10 Horse Collar
15:31 Wheelbarrow
21:18 Castle Age
20:20 Town Watch
21:54 Bow Saw
StarShooter
6:15 Loom
14:11 Feudal Age
18:49 Castle Age
16:46 Double-Bit Axe
19:09 Scale Barding Armor
20:15 Forging
halong1301
11:51 Loom
14:32 Feudal Age
16:38 Double-Bit Axe
20:27 Castle Age
19:44 Stone Mining
Ragnar
7:51 Loom
15:32 Feudal Age
19:41 Castle Age
18:26 Double-Bit Axe
546308830
3:32 Loom
13:39 Feudal Age
14:03 Man-at-Arms
14:38 Double-Bit Axe
16:48 Arson
18:23 Forging
20:03 Town Watch
Connection lost

Rejoining the realm…

Still unreachable

The connection could not be restored.

Session expired

The server has moved on; the page needs a fresh start.